 Dungeon Crawl Stone Soup version 0.31-a0-182-gc5ef74bbde (webtiles) character file.

Game seed: 13263080561539768865

52984 qw the Cleaver (level 14, -4/90 HPs)
             Began as a Gargoyle Fighter on June 21, 2023.
             Was an Elder of Okawaru.
             Slain by a very large slime creature (36 damage)
             ... on level 13 of the Dungeon.
             The game lasted 00:09:48 (19309 turns).

qw the Cleaver (Gargoyle Fighter)                  Turns: 19309, Time: 00:09:49

Health: -4/90      AC: 35    Str: 25    XL:     14   Next: 66%
Magic:  21/21      EV: 10    Int:  9    God:    Okawaru [****..]
Gold:   1081       SH: 16    Dex: 14    Spells: 13/13 levels left

rFire   + . .        x - +3 broad axe (heavy)
rCold   + + .        k - +2 kite shield
rNeg    + + .        u - +0 plate armour
rPois   inf          y - -2 hat of the Alchemist {rElec rPois rF+ rC+ rN+ Will+ rMut rCorr}
rElec   +            z - +1 cloak of the Mackerel {Rampage *Slow rC+ Str+3}
rCorr   +            o - +2 pair of gloves of the Lizard {+Inv Will+ Str-3 Dex+5}
SInv    +            (no boots)
Will    +++..        v - amulet of faith Stlth
                     h - ring of see invisible
HPRegen 0.35/turn    B - +4 ring of protection
MPRegen 0.17/turn

%: slow self (1%), resist mutation, rampage, faith
@: heroic, flying
A: sickness immunity, AC +10, big wings, negative energy resistance 1,
electricity resistance, torment resistance 1, petrification resistance
a: Renounce Religion, Evoke Invisibility, Heroism, Finesse


You were on level 13 of the Dungeon.
You worshipped Okawaru.
Okawaru was greatly pleased with you.
You visited 3 branches of the dungeon, and saw 19 of its levels.

You collected 1357 gold pieces.
You spent 276 gold pieces at shops.


Innate Abilities, Weirdness & Mutations

You are immune to sickness and miasma.
Your stone body is resilient. (AC +10)
You are immune to poison.
Your large and strong wings let you fly.
You resist negative energy. (rN+)
You are resistant to electric shocks. (rElec)
You are resistant to unholy torment.
You are immune to petrification.


   Skills:
 - Level 11.1(16.1) Fighting
 + Level 14.7(19.7) Axes
 - Level 4.0(9.0) Throwing
 - Level 10.0(15.0) Armour
 - Level 3.2(8.2) Dodging
 - Level 12.1(17.1) Shields
 - Level 10.0 Invocations


You had 13 spell levels left.
You didn't know any spells.
Your spell library was empty.

Inventory:

Hand Weapons
 x - a +3 heavy broad axe (weapon)
 C - a +1 war axe of flaming
Missiles
 i - a javelin (quivered)
Armour
 j - a +2 chain mail of cold resistance
 k - a +2 kite shield (worn)
 l - a +1 helmet
 o - the +2 pair of gloves of the Lizard (worn) {+Inv Will+ Str-3 Dex+5}
   (You found it on level 6 of the Dungeon)

   Str:       It affects your strength (-3).
   Dex:       It affects your dexterity (+5).
   +Inv:      It lets you turn invisible.
   Will:      It increases your willpower.
 r - +0 acid dragon scales
 u - a +0 plate armour (worn)
 y - the -2 hat of the Alchemist (worn) {rElec rPois rF+ rC+ rN+ Will+ rMut rCorr}
   (You found it on level 8 of the Dungeon)

   rF:        It protects you from fire.
   rC:        It protects you from cold.
   rElec:     It insulates you from electricity.
   rPois:     It protects you from poison.
   rN:        It protects you from negative energy.
   rCorr:     It protects you from acid and corrosion.
   rMut:      It protects you from mutation.
   Will:      It increases your willpower.
 z - the +1 cloak of the Mackerel (worn) {Rampage *Slow rC+ Str+3}
   (Okawaru gifted it to you on level 5 of the Lair of Beasts)

   Str:       It affects your strength (+3).
   rC:        It protects you from cold.
   *Slow:     It may slow you when you take damage.
   Rampage:   It bestows one free step when moving towards enemies.
Jewellery
 e - a ring of ice
 h - a ring of see invisible (left hand)
 p - an amulet of reflection
 v - an amulet of faith (around neck)
 w - the amulet of Jutrey {rN+ Regen+ SInv}
   (You took it off an orc on level 8 of the Dungeon)

   [amulet of regeneration]

   rN:        It protects you from negative energy.
   SInv:      It lets you see invisible.
   Regen:     It increases your rate of health regeneration.
 B - a +4 ring of protection (right hand)
 Y - a +6 ring of dexterity
Wands
 m - a wand of digging (8)
Scrolls
 a - 3 scrolls of identify
 s - a scroll of teleportation
Potions
 c - 2 potions of heal wounds
 d - a potion of might
 f - 6 potions of curing
 g - 3 potions of lignification
 n - 6 potions of haste
 q - 6 potions of enlightenment
 t - a potion of magic
 D - 2 potions of mutation
 E - a potion of attraction

Dungeon Overview and Level Annotations

Branches:
Dungeon (13/15)            Temple (1/1) D:6            Lair (5/5) D:11
  Swamp (0/4) Lair:2       Spider (0/4) Lair:3        Slime (0/5) Lair:5
    Orc (0/2) D:9
 Vaults: D:13-14

Altars:
Ashenzari
Cheibriados
Dithmenos
Elyvilon
Fedhas
Gozag
Hepliaklqana
Kikubaaqudgha
Makhleb
Nemelex Xobeh
Okawaru
Qazlal
Ru
Sif Muna
Trog
Uskayaw
Vehumet
Wu Jian
Xom
Yredelemnul
Zin
The Shining One
Jiyva

Shops:
D:5 *   D:6 [[   D:10 *

Annotations:
D:9 exclusion: 2 trolls
D:12 1 runed translucent door, Anyutwal's ghost, journeyman HOFi
Lair:3 2 runed translucent doors, qw's ghost, journeyman GrFi


Message History

You cut the very large slime creature into ribbons!!!
The very large slime creature is heavily wounded.
You hit the very large slime creature.
The very large slime creature completely misses you.
You block the very large slime creature's attack.
You barely miss the very large slime creature.
The very large slime creature is heavily wounded.
You hit the very large slime creature.
The very large slime creature closely misses you.
You block the very large slime creature's attack.
You hit the very large slime creature but do no damage.
The very large slime creature is heavily wounded.
You slice the very large slime creature!!
You block the very large slime creature's attack.
The very large slime creature misses you.
You slice the very large slime creature!!
The very large slime creature is severely wounded.
You hit the very large slime creature.
You block the very large slime creature's attack. x2
The very large slime creature hits you!
The very large slime creature closely misses you.
You slice the very large slime creature!!
The very large slime creature is almost dead.
You slice the very large slime creature!!
You block the very large slime creature's attack. x2
You slice the very large slime creature!!
The very large slime creature is almost dead.
You slice the very large slime creature!!
The very large slime creature hits you but does no damage.
You block the very large slime creature's attack.
You slash the very large slime creature!
The very large slime creature is almost dead.
You open the very large slime creature like a pillowcase!!!
You block the very large slime creature's attack. x2
You slice the very large slime creature!!
You kill the very large slime creature!
Okawaru accepts your kill.
You hit the very large slime creature but do no damage.
The very large slime creature hits you!!!
You die...

....... ....... ###
....... #.# .......
#.# .?..... #.#
.......
#######.####)[.....
...........@J......
#######.###########
#.# #.#
#######.#########
................?
#######.#########
.......>..#
..........#


You could see a very large slime creature.

Vanquished Creatures
  A dire elephant (Lair:5)
  Nessos (D:12)
  Snorg (Lair:3)
  5 hydras
  A centaur warrior (D:11)
  3 two-headed ogres
  A boulder beetle (Lair:2)
  3 catoblepae
  4 death yaks (Lair:5)
  A tengu warrior (D:11)
  Sonja (Lair:2)
  Amaemon (Lair:2)
  A skyshark (Lair:5)
  2 lindwurms (Lair:5)
  2 deep elf pyromancers
  4 manticores
  Pikel (D:8)
  2 ugly things
  2 cyclopes
  3 black mambas
  A torpor snail (Lair:5)
  14 cane toads
  An orange demon (Lair:2)
  An unseen horror (D:11)
  7 rime drakes
  2 komodo dragons
  An efreet (D:11)
  5 trolls
  2 polar bears
  Prince Ribbit (D:6)
  Grinder (D:3)
  3 hornets
  14 blink frogs
  4 dream sheep (Lair:5)
  Sigmund (D:2)
  A jumping spider (Lair:3)
  2 slime creatures
  2 culicivoras (Lair:3)
  4 wyverns
  3 vampires
  2 shadows
  52 yaks
  2 fire elementals (D:10)
  A wraith (D:11)
  2 steam dragons (D:10)
  5 basilisks
  5 redbacks (Lair:3)
  5 vampire mosquitoes
  11 water moccasins
  Duvessa (D:4)
  2 acid dragons (D:11)
  An ice beast (D:8)
  4 orc warriors
  A sky beast (D:8)
  5 black bears
  13 wolves
  An ogre (D:5)
  A lemure (D:8)
  2 centaurs
  2 phantoms
  4 kobold brigands
  7 bullfrogs
  4 gnoll sergeants
  A scorpion (D:6)
  13 wights
  Dowan (D:4)
  6 killer bees (D:9)
  3 electric eels (Lair:1)
  2 howler monkeys
  2 jellies
  7 orc priests
  4 hounds
  Jessica (D:3)
  Ijyb (D:3)
  Terence (D:3)
  5 iguanas
  11 orc wizards
  Robin (D:2)
  15 gnolls
  7 adders
  A shadow imp (D:8)
  A white imp (D:6)
  2 ufetubi
  2 worms (D:2)
  4 dart slugs
  68 orcs
  6 bats
  4 endoplasms
  2 giant cockroaches (D:1)
  13 hobgoblins
  12 jackals
  19 kobolds
  6 ball pythons
  4 frilled lizards
  15 goblins
  12 rats
495 creatures vanquished.

Vanquished Creatures (others)
  A wizard (D:10)
1 creature vanquished.

Grand Total: 496 creatures vanquished

Notes
Turn   | Place    | Note
-------+----------+-------------------------------------------
     0 | D:1      | qw the Gargoyle Fighter began the quest for the Orb.
     0 | D:1      | Reached XP level 1. HP: 14/14 MP: 1/1
     0 | D:1      | 0 ||| qw: Version: 0.3-a-9-g12657ce
     0 | D:1      | 0 ||| qw: Game counter: 1641
     0 | D:1      | 0 ||| qw: Always use a shield: true
     0 | D:1      | 0 ||| qw: God list: Okawaru
     0 | D:1      | 0 ||| qw: Allow faded altars: false
     0 | D:1      | 0 ||| qw: Do Orc after D:15 true
     0 | D:1      | 0 ||| qw: Do second Lair branch before Depths: true
     0 | D:1      | 0 ||| qw: Lair rune preference: random
     0 | D:1      | 0 ||| qw: Plans: Normal, Zot:1-4, Slime:5, God:TSO, Crypt,
                  | Tomb, Abyss, Pan, Hells, Win
     0 | D:1      | 0 ||| PLANNING D:1-11
    51 | D:1      | 51 ||| Stepping ~*~*~tactically~*~*~ (stealth).
    55 | D:1      | Reached skill level 2 in Axes
   116 | D:1      | 116 ||| Stepping ~*~*~tactically~*~*~ (stealth).
   124 | D:1      | Reached XP level 2. HP: 15/19 MP: 2/2
   131 | D:1      | 131 ||| Stepping ~*~*~tactically~*~*~ (stealth).
   404 | D:1      | Reached skill level 3 in Axes
   430 | D:1      | Reached XP level 3. HP: 23/23 MP: 3/3
   547 | D:1      | Found a faded altar of an unknown god.
   711 | D:1      | 711 ||| Stepping ~*~*~tactically~*~*~ (stealth).
   738 | D:1      | 738 ||| Stepping ~*~*~tactically~*~*~ (hiding).
   994 | D:1      | 994 ||| UPGRADING to ring of see invisible.
   995 | D:1      | 995 ||| READING 2 scrolls labelled BOC CYCORU.
   996 | D:1      | 996 ||| READING scroll labelled ABLIOL DOTT.
   997 | D:1      | 997 ||| READING scroll labelled QYJUES PIMUR.
  1060 | D:2      | 1060 ||| STAIRDANCE
  1079 | D:2      | 1079 ||| DROPPING +0 whip.
  1140 | D:2      | 1140 ||| Stepping ~*~*~tactically~*~*~ (stealth).
  1149 | D:2      | Noticed Robin
  1154 | D:2      | Noticed Sigmund
  1158 | D:2      | Reached XP level 4. HP: 11/28 MP: 4/4
  1162 | D:2      | HP: 4/28 [Sigmund/+2 scythe of flaming (4)]
  1164 | D:2      | Killed Sigmund
  1165 | D:2      | Reached skill level 5 in Axes
  1165 | D:2      | Reached XP level 5. HP: 5/32 MP: 5/5
  1165 | D:2      | Reached XP level 6. HP: 5/37 MP: 6/6
  1167 | D:2      | HP: 3/37 [Robin/+0 whip (2)]
  1168 | D:2      | Killed Robin
  1332 | D:2      | 1332 ||| Stepping ~*~*~tactically~*~*~ (stealth).
  1335 | D:2      | 1335 ||| Stepping ~*~*~tactically~*~*~ (stealth).
  1548 | D:2      | 1548 ||| Stepping ~*~*~tactically~*~*~ (stealth).
  1549 | D:2      | 1549 ||| Stepping ~*~*~tactically~*~*~ (stealth).
  1719 | D:2      | 1719 ||| UPGRADING to +0 helmet.
  1724 | D:2      | 1724 ||| READING scroll labelled ZIMAEN POTEXEQ.
  1725 | D:2      | 1725 ||| READING 2 scrolls labelled VYS YB CAZESASE.
  1726 | D:2      | 1726 ||| READING scroll labelled LEDDYPL MIAMO.
  1727 | D:2      | 1727 ||| READING scroll labelled JAMINI GUTROLE.
  1728 | D:2      | 1728 ||| DRINKING 4 golden potions.
  1729 | D:2      | 1729 ||| READING 3 scrolls of identify.
  1729 | D:2      | 1729 ||| IDENTIFYING white potion
  1730 | D:2      | 1730 ||| DROPPING scroll of revelation.
  1771 | D:3      | Found an ornate altar of the Wu Jian Council.
  1772 | D:3      | Found an opulent altar of Gozag.
  1773 | D:3      | Found a white marble altar of Elyvilon.
  1774 | D:3      | 1774 ||| Stepping ~*~*~tactically~*~*~ (stealth).
  1802 | D:3      | 1802 ||| Stepping ~*~*~tactically~*~*~ (hiding).
  1849 | D:3      | Noticed Terence
  1859 | D:3      | Killed Terence
  1897 | D:3      | Noticed Ijyb
  1898 | D:3      | 1898 ||| Stepping ~*~*~tactically~*~*~ (hiding).
  1912 | D:3      | Killed Ijyb
  2086 | D:3      | Noticed Grinder
  2087 | D:3      | 2087 ||| Stepping ~*~*~tactically~*~*~ (hiding).
  2089 | D:3      | 2089 ||| Stepping ~*~*~tactically~*~*~ (hiding).
  2090 | D:3      | 2090 ||| Stepping ~*~*~tactically~*~*~ (hiding).
  2097 | D:3      | Paralysed by Grinder for 2 turns
  2105 | D:3      | Reached skill level 1 in Dodging
  2109 | D:3      | Killed Grinder
  2110 | D:3      | Reached skill level 6 in Axes
  2110 | D:3      | Reached XP level 7. HP: 42/43 MP: 7/7
  2338 | D:3      | Noticed Jessica
  2346 | D:3      | Killed Jessica
  2432 | D:3      | 2432 ||| UPGRADING to +0 chain mail.
  2442 | D:3      | 2442 ||| DROPPING +0 scale mail.
  2443 | D:3      | 2443 ||| UPGRADING to +2 chain mail of cold resistance.
  2453 | D:3      | 2453 ||| DROPPING +0 chain mail.
  2454 | D:3      | 2454 ||| READING scroll labelled GOGHUF VABOUKK.
  2458 | D:3      | 2458 ||| READING scroll labelled ZYIMEA DAERO HITT.
  2459 | D:3      | 2459 ||| READING scroll labelled BOMIBE BUSET.
  2460 | D:3      | 2460 ||| READING 2 scrolls of identify.
  2460 | D:3      | 2460 ||| IDENTIFYING blue potion
  2475 | D:4      | 2475 ||| Stepping ~*~*~tactically~*~*~ (hiding).
  2595 | D:4      | 2595 ||| READING scroll of enchant armour.
  2595 | D:4      | 2595 ||| ENCHANTING +0 helmet.
  2665 | D:4      | Noticed Duvessa
  2665 | D:4      | Noticed Dowan
  2666 | D:4      | 2666 ||| Stepping ~*~*~tactically~*~*~ (stealth).
  2675 | D:4      | Killed Duvessa
  2676 | D:4      | Reached skill level 7 in Axes
  2676 | D:4      | Killed Dowan
  2804 | D:4      | Found a sacrificial altar of Ru.
  3026 | D:4      | 3026 ||| READING 2 scrolls labelled TOEHAT MOLIMAM.
  3027 | D:4      | 3027 ||| READING 2 scrolls of identify.
  3027 | D:4      | 3027 ||| IDENTIFYING ruby potion
  3028 | D:4      | 3028 ||| DROPPING scroll of immolation.
  3029 | D:4      | 3029 ||| DROPPING potion of degeneration.
  3046 | D:5      | Entered Level 5 of the Dungeon
  3047 | D:5      | 3047 ||| Stepping ~*~*~tactically~*~*~ (hiding).
  3048 | D:5      | 3048 ||| Stepping ~*~*~tactically~*~*~ (hiding).
  3062 | D:5      | Reached XP level 8. HP: 49/50 MP: 8/8
  3138 | D:5      | 3138 ||| READING scroll of enchant weapon.
  3138 | D:5      | 3138 ||| ENCHANTING +1 war axe of venom.
  3166 | D:5      | Reached skill level 8 in Axes
  3368 | D:5      | Reached skill level 6 in Fighting
  3499 | D:5      | 3499 ||| Stepping ~*~*~tactically~*~*~ (hiding).
  3689 | D:5      | Found Baniykh's Assorted Antiques.
  3702 | D:5      | 3702 ||| BUYING blackened golden amulet (125 gold).
  3702 | D:5      | Bought a blackened golden amulet for 125 gold pieces
  3702 | D:5      | 3702 ||| BUYING morningstar (100 gold).
  3702 | D:5      | Bought a morningstar for 100 gold pieces
  3702 | D:5      | 3702 ||| BUYING scroll labelled AREAVI YHUTHRI (25 gold).
  3702 | D:5      | Bought a scroll labelled AREAVI YHUTHRI for 25 gold pieces
  3702 | D:5      | 3702 ||| BUYING scroll labelled FUFEAZ MIMIKH (25 gold).
  3702 | D:5      | Bought a scroll labelled FUFEAZ MIMIKH for 25 gold pieces
  3702 | D:5      | 3702 ||| SHOPLISTING scroll of identify (50 gold, have 33).
  3702 | D:5      | 3702 ||| DROPPING +0 flail.
  4234 | D:5      | 4234 ||| UPGRADING to +0 cloak.
  4239 | D:5      | 4239 ||| UPGRADING to amulet of reflection.
  4244 | D:5      | 4244 ||| UPGRADING to +6 ring of dexterity.
  4245 | D:5      | 4245 ||| READING scroll labelled AREAVI YHUTHRI.
  4246 | D:5      | 4246 ||| READING scroll labelled FUFEAZ MIMIKH.
  4247 | D:5      | 4247 ||| READING scroll labelled FOLEX NI MACH.
  4348 | D:5      | 4348 ||| READING 2 scrolls of identify.
  4348 | D:5      | 4348 ||| IDENTIFYING smoky pink potion
  4427 | D:6      | 4427 ||| READING scroll of enchant weapon.
  4427 | D:6      | 4427 ||| ENCHANTING +2 war axe of venom.
  4434 | D:6      | Found a staircase to the Ecumenical Temple.
  4435 | D:6      | 4435 ||| PLANNING TEMPLE
  4444 | Temple   | Entered the Ecumenical Temple
  4445 | Temple   | 4445 ||| PLANNING OKAWARU WORSHIP
  4616 | Temple   | Became a worshipper of Warmaster Okawaru
  4617 | Temple   | 4617 ||| PLANNING D:1-11
  4651 | D:6      | Found a shadowy altar of Dithmenos.
  4653 | D:6      | 4653 ||| Stepping ~*~*~tactically~*~*~ (hiding).
  4654 | D:6      | 4654 ||| Stepping ~*~*~tactically~*~*~ (hiding).
  4661 | D:6      | Reached skill level 1 in Throwing
  4664 | D:6      | 4664 ||| DRINKING 5 potions of curing.
  4664 | D:6      | 4664 ||| (to cure confusion)
  4917 | D:6      | Found Navo's Antique Armour Shoppe.
  4920 | D:6      | 4920 ||| SHOPLISTING pair of embroidered gloves (187 gold,
                  | have 112).
  4920 | D:6      | 4920 ||| SHOPLISTING pair of glowing gloves (187 gold, have
                  | 112).
  4920 | D:6      | 4920 ||| SHOPLISTING plate armour (575 gold, have 112).
  4920 | D:6      | 4920 ||| SHOPLISTING runed scale mail (175 gold, have 112).
  5044 | D:6      | Found Puhuqen's Antique Armour Boutique.
  5050 | D:6      | 5050 ||| SHOPLISTING +2 cloak of the Thief {*Fog Slay-2
                  | SInv Stlth+} (683 gold, have 135).
  5050 | D:6      | 5050 ||| SHOPLISTING embroidered cloak (255 gold, have
                  | 135).
  5050 | D:6      | 5050 ||| SHOPLISTING glowing scale mail (238 gold, have
                  | 135).
  5050 | D:6      | 5050 ||| SHOPLISTING shiny orb (408 gold, have 135).
  5082 | D:6      | Identified the +2 pair of gloves of the Lizard {+Inv Will+
                  | Str-3 Dex+5}
  5262 | D:6      | Noticed Prince Ribbit
  5278 | D:6      | Killed Prince Ribbit
  5278 | D:6      | Reached * piety under Okawaru
  5279 | D:6      | Reached skill level 9 in Axes
  5279 | D:6      | Reached XP level 9. HP: 44/55 MP: 9/9
  5518 | D:6      | Found a glowing silver altar of Zin.
  5526 | D:6      | Found a shimmering blue altar of Sif Muna.
  5553 | D:6      | 5553 ||| UPGRADING to +2 pair of gloves of the Lizard {+Inv
                  | Will+ Str-3 Dex+5}.
  5558 | D:6      | 5558 ||| READING scroll labelled WESKEDUCSE.
  5579 | D:7      | Reached skill level 1 in Invocations
  5629 | D:7      | 5629 ||| Stepping ~*~*~tactically~*~*~ (stealth).
  5632 | D:7      | 5632 ||| Stepping ~*~*~tactically~*~*~ (stealth).
  5662 | D:7      | 5662 ||| INVOKING Heroism.
  5761 | D:7      | Reached skill level 3 in Invocations
  5874 | D:7      | 5874 ||| INVOKING Heroism.
  5903 | D:7      | 5903 ||| INVOKING Heroism.
  6066 | D:7      | 6066 ||| INVOKING Heroism.
  6088 | D:7      | 6088 ||| Stepping ~*~*~tactically~*~*~ (stealth).
  6094 | D:7      | 6094 ||| Stepping ~*~*~tactically~*~*~ (hiding).
  6097 | D:7      | 6097 ||| INVOKING Heroism.
  6125 | D:7      | 6125 ||| Stepping ~*~*~tactically~*~*~ (hiding).
  6126 | D:7      | 6126 ||| Stepping ~*~*~tactically~*~*~ (hiding).
  6198 | D:7      | 6198 ||| Stepping ~*~*~tactically~*~*~ (stealth).
  6199 | D:7      | 6199 ||| Stepping ~*~*~tactically~*~*~ (stealth).
  6255 | D:7      | 6255 ||| INVOKING Heroism.
  6263 | D:7      | Reached skill level 3 in Dodging
  6514 | D:8      | 6514 ||| Stepping ~*~*~tactically~*~*~ (hiding).
  6515 | D:8      | 6515 ||| Stepping ~*~*~tactically~*~*~ (hiding).
  6527 | D:8      | 6527 ||| Stepping ~*~*~tactically~*~*~ (stealth).
  6684 | D:8      | 6684 ||| INVOKING Heroism.
  6718 | D:8      | Noticed Pikel
  6718 | D:8      | Noticed a hornet
  6722 | D:8      | Killed a hornet
  6723 | D:8      | Reached XP level 10. HP: 63/63 MP: 13/13
  6734 | D:8      | Killed Pikel
  6735 | D:8      | Reached skill level 10 in Axes
  6786 | D:8      | Noticed a manticore
  6787 | D:8      | 6787 ||| Stepping ~*~*~tactically~*~*~ (stealth).
  6788 | D:8      | 6788 ||| INVOKING Heroism.
  6800 | D:8      | Killed a manticore
  6800 | D:8      | Reached ** piety under Okawaru
  6801 | D:8      | Reached skill level 6 in Armour
  6901 | D:8      | Found an ancient bone altar of Kikubaaqudgha.
  6901 | D:8      | Found a shimmering altar of Xom.
  6903 | D:8      | Found an iron altar of Okawaru.
  6903 | D:8      | Found a shimmering altar of Xom.
  6904 | D:8      | 6904 ||| Stepping ~*~*~tactically~*~*~ (hiding).
  6919 | D:8      | Noticed a two-headed ogre
  6920 | D:8      | 6920 ||| INVOKING Heroism.
  6921 | D:8      | Identified the amulet of Jutrey {rN+ Regen+ SInv}
  6931 | D:8      | Killed a two-headed ogre
  6942 | D:8      | 6942 ||| INVOKING Heroism.
  6970 | D:8      | 6970 ||| INVOKING Heroism.
  7014 | D:8      | 7014 ||| FLEEEEING.
  7061 | D:8      | Noticed a red ugly thing
  7072 | D:8      | Killed a red ugly thing
  7105 | D:8      | 7105 ||| Stepping ~*~*~tactically~*~*~ (hiding).
  7106 | D:8      | 7106 ||| Stepping ~*~*~tactically~*~*~ (hiding).
  7107 | D:8      | 7107 ||| INVOKING Heroism.
  7164 | D:8      | 7164 ||| SWAPPING to +1 heavy broad axe.
  7165 | D:8      | 7165 ||| DROPPING +3 war axe of venom.
  7171 | D:8      | Found the +3 giant club "Skullcrusher" {speed, Str+7}
  7177 | D:8      | Found the -2 hat of the Alchemist {rElec rPois rF+ rC+ rN+
                  | Will+ rMut rCorr}
  7180 | D:8      | Noticed a cyclops
  7181 | D:8      | 7181 ||| INVOKING Heroism.
  7186 | D:8      | Killed a cyclops
  7186 | D:8      | Reached *** piety under Okawaru
  7187 | D:8      | Reached skill level 11 in Axes
  7187 | D:8      | Reached XP level 11. HP: 59/69 MP: 11/14
  7360 | D:8      | 7360 ||| UPGRADING to -2 hat of the Alchemist {rElec rPois
                  | rF+ rC+ rN+ Will+ rMut rCorr}.
  7370 | D:8      | 7370 ||| UPGRADING to +0 plate armour.
  7380 | D:8      | 7380 ||| UPGRADING to amulet of faith.
  7390 | D:8      | 7390 ||| READING 3 scrolls of identify.
  7390 | D:8      | 7390 ||| IDENTIFYING fuming golden potion
  7459 | D:9      | 7459 ||| FLEEEEING.
  7461 | D:9      | 7461 ||| STAIRDANCE
  7522 | D:9      | Reached skill level 9 in Fighting
  7549 | D:9      | 7549 ||| Stepping ~*~*~tactically~*~*~ (stealth).
  7551 | D:9      | 7551 ||| Stepping ~*~*~tactically~*~*~ (hiding).
  7557 | D:9      | 7557 ||| FLEEEEING.
  7559 | D:9      | 7559 ||| FLEEEEING.
  7560 | D:9      | 7560 ||| FLEEEEING.
  7561 | D:9      | 7561 ||| FLEEEEING.
  7562 | D:9      | 7562 ||| FLEEEEING.
  7563 | D:9      | 7563 ||| FLEEEEING.
  7564 | D:9      | 7564 ||| FLEEEEING.
  7565 | D:9      | 7565 ||| FLEEEEING.
  7567 | D:9      | 7567 ||| STAIRDANCE
  7778 | D:9      | Found a shimmering altar of Xom.
  7780 | D:9      | Noticed a two-headed ogre
  7781 | D:9      | 7781 ||| INVOKING Heroism.
  7789 | D:9      | Killed a two-headed ogre
  7806 | D:9      | 7806 ||| INVOKING Heroism.
  7922 | D:10     | Entered Level 10 of the Dungeon
  7923 | D:10     | Reached **** piety under Okawaru
  7935 | D:10     | 7935 ||| INVOKING Heroism.
  7968 | D:10     | Found a bloodstained altar of Trog.
  8010 | D:10     | 8010 ||| Stepping ~*~*~tactically~*~*~ (stealth).
  8014 | D:10     | 8014 ||| Stepping ~*~*~tactically~*~*~ (hiding).
  8015 | D:10     | 8015 ||| Stepping ~*~*~tactically~*~*~ (hiding).
  8040 | D:10     | 8040 ||| Stepping ~*~*~tactically~*~*~ (stealth).
  8044 | D:10     | 8044 ||| Stepping ~*~*~tactically~*~*~ (stealth).
  8203 | D:10     | 8203 ||| INVOKING Heroism.
  8373 | D:10     | 8373 ||| READING scroll of enchant armour.
  8373 | D:10     | 8373 ||| ENCHANTING +0 cloak.
  8447 | D:10     | Noticed a white ugly thing
  8455 | D:10     | Noticed a deep elf pyromancer
  8457 | D:10     | 8457 ||| INVOKING Heroism.
  8460 | D:10     | Reached skill level 12 in Axes
  8467 | D:10     | Killed a deep elf pyromancer
  8468 | D:10     | Reached skill level 6 in Invocations
  8571 | D:10     | 8571 ||| Stepping ~*~*~tactically~*~*~ (stealth).
  8573 | D:10     | 8573 ||| Stepping ~*~*~tactically~*~*~ (stealth).
  8579 | D:10     | 8579 ||| INVOKING Heroism.
  8746 | D:10     | 8746 ||| Stepping ~*~*~tactically~*~*~ (hiding).
  8838 | D:10     | 8838 ||| Stepping ~*~*~tactically~*~*~ (stealth).
  8840 | D:10     | 8840 ||| INVOKING Heroism.
  8843 | D:10     | Reached skill level 6 in Shields
  8856 | D:10     | Killed a white ugly thing
  8856 | D:10     | Reached ***** piety under Okawaru
  8857 | D:10     | HP: 9/71 [rime drake/icy flash freeze (12)]
  8858 | D:10     | 8858 ||| READING 2 scrolls of teleportation.
  8859 | D:10     | 8859 ||| DRINKING 2 potions of heal wounds.
  9014 | D:10     | 9014 ||| READING 3 scrolls of identify.
  9014 | D:10     | 9014 ||| IDENTIFYING glowing white potion
  9015 | D:10     | 9015 ||| DROPPING potion of invisibility.
  9074 | D:9      | 9074 ||| Stepping ~*~*~tactically~*~*~ (hiding).
  9138 | D:9      | Found a staircase to the Orcish Mines.
  9164 | D:9      | 9164 ||| Stepping ~*~*~tactically~*~*~ (hiding).
  9165 | D:9      | 9165 ||| Stepping ~*~*~tactically~*~*~ (hiding).
  9283 | D:9      | 9283 ||| Stepping ~*~*~tactically~*~*~ (stealth).
  9285 | D:9      | 9285 ||| Stepping ~*~*~tactically~*~*~ (stealth).
  9300 | D:9      | 9300 ||| INVOKING Heroism.
  9303 | D:9      | 9303 ||| Stepping ~*~*~tactically~*~*~ (hiding).
  9314 | D:9      | Reached XP level 12. HP: 76/76 MP: 17/17
  9356 | D:9      | 9356 ||| Stepping ~*~*~tactically~*~*~ (stealth).
  9357 | D:9      | 9357 ||| Stepping ~*~*~tactically~*~*~ (stealth).
  9486 | D:9      | 9486 ||| READING 2 scrolls of identify.
  9486 | D:9      | 9486 ||| IDENTIFYING lumpy cyan potion
  9487 | D:9      | 9487 ||| DROPPING potion of ambrosia.
  9771 | D:10     | Found Jasef's Lightly-Used Armoury.
  9779 | D:10     | 9779 ||| BUYING -3 eveningstar (1 gold).
  9779 | D:10     | Bought a -3 eveningstar for 1 gold piece
  9779 | D:10     | 9779 ||| DROPPING +0 morningstar.
  9883 | D:11     | Noticed a two-headed ogre
  9885 | D:11     | Found a staircase to the Lair.
  9886 | D:11     | 9886 ||| FLEEEEING.
  9887 | D:11     | 9887 ||| STAIRDANCE
  9887 | D:11     | Noticed a tengu warrior
  9991 | D:11     | 9991 ||| STAIRDANCE
  9993 | D:10     | 9993 ||| INVOKING Heroism.
  9993 | D:10     | HP: 14/76 [two-headed ogre/+0 giant spiked club (16)]
  9994 | D:10     | 9994 ||| READING 2 scrolls of teleportation.
  9995 | D:10     | 9995 ||| DRINKING potion of heal wounds.
 10218 | D:11     | 10218 ||| Stepping ~*~*~tactically~*~*~ (hiding).
 10227 | D:11     | 10227 ||| INVOKING Heroism.
 10237 | D:11     | Killed a tengu warrior
 10238 | D:11     | Reached skill level 9 in Armour
 10368 | D:11     | 10368 ||| Stepping ~*~*~tactically~*~*~ (stealth).
 10372 | D:11     | 10372 ||| Stepping ~*~*~tactically~*~*~ (stealth).
 10389 | D:11     | 10389 ||| INVOKING Heroism.
 10463 | D:11     | 10463 ||| FLEEEEING.
 10572 | D:11     | 10572 ||| READING scroll of enchant weapon.
 10572 | D:11     | 10572 ||| ENCHANTING +1 heavy broad axe.
 10605 | D:11     | 10605 ||| Stepping ~*~*~tactically~*~*~ (stealth).
 10612 | D:11     | Received a gift from Okawaru
 10620 | D:11     | 10620 ||| DROPPING +5 war axe of electrocution.
 10668 | D:11     | 10668 ||| Stepping ~*~*~tactically~*~*~ (stealth).
 10670 | D:11     | 10670 ||| FLEEEEING.
 10671 | D:11     | 10671 ||| FLEEEEING.
 10672 | D:11     | 10672 ||| FLEEEEING.
 10838 | D:11     | 10838 ||| INVOKING Heroism.
 10990 | D:11     | 10990 ||| UPGRADING to +2 kite shield.
 11000 | D:11     | 11000 ||| DROPPING +0 buckler.
 11047 | D:10     | Killed a two-headed ogre
 11048 | D:10     | Reached skill level 9 in Invocations
 11140 | D:11     | 11140 ||| Stepping ~*~*~tactically~*~*~ (stealth).
 11141 | D:11     | 11141 ||| Stepping ~*~*~tactically~*~*~ (stealth).
 11143 | D:11     | 11143 ||| Stepping ~*~*~tactically~*~*~ (hiding).
 11144 | D:11     | 11144 ||| Stepping ~*~*~tactically~*~*~ (hiding).
 11146 | D:11     | Noticed a centaur warrior
 11155 | D:11     | Killed a centaur warrior
 11206 | D:11     | 11206 ||| PLANNING LAIR
 11288 | Lair:1   | Entered Level 1 of the Lair of Beasts
 11467 | Lair:1   | 11467 ||| INVOKING Heroism.
 11796 | Lair:1   | 11796 ||| Stepping ~*~*~tactically~*~*~ (stealth).
 11798 | Lair:1   | 11798 ||| Stepping ~*~*~tactically~*~*~ (stealth).
 11799 | Lair:1   | 11799 ||| Stepping ~*~*~tactically~*~*~ (stealth).
 11800 | Lair:1   | 11800 ||| INVOKING Heroism.
 11814 | Lair:1   | Received a gift from Okawaru
 11816 | Lair:1   | 11816 ||| DROPPING -3 eveningstar.
 12210 | Lair:1   | 12210 ||| READING 3 scrolls of identify.
 12210 | Lair:1   | 12210 ||| IDENTIFYING puce potion
 12211 | Lair:1   | 12211 ||| READING 2 scrolls of identify.
 12211 | Lair:1   | 12211 ||| IDENTIFYING lumpy white potion
 12212 | Lair:1   | 12212 ||| DROPPING potion of brilliance.
 12239 | Lair:2   | 12239 ||| Stepping ~*~*~tactically~*~*~ (stealth).
 12251 | Lair:2   | 12251 ||| INVOKING Heroism.
 12404 | Lair:2   | 12404 ||| INVOKING Heroism.
 12418 | Lair:2   | Noticed a six-headed hydra
 12420 | Lair:2   | 12420 ||| INVOKING Heroism.
 12421 | Lair:2   | 12421 ||| INVOKING Finesse.
 12422 | Lair:2   | 12422 ||| SWAPPING to +1 war axe of flaming.
 12433 | Lair:2   | Killed a one-headed hydra
 12434 | Lair:2   | Reached skill level 9 in Shields
 12434 | Lair:2   | 12434 ||| SWAPPING to +2 heavy broad axe.
 12476 | Lair:2   | Noticed Sonja
 12480 | Lair:2   | Reached XP level 13. HP: 82/82 MP: 20/20
 12482 | Lair:2   | Killed Sonja
 12509 | Lair:2   | 12509 ||| INVOKING Heroism.
 12510 | Lair:2   | 12510 ||| INVOKING Finesse.
 12591 | Lair:2   | 12591 ||| INVOKING Heroism.
 12928 | Lair:2   | 12928 ||| INVOKING Heroism.
 12998 | Lair:2   | Noticed Amaemon
 12999 | Lair:2   | 12999 ||| INVOKING Heroism.
 13008 | Lair:2   | Killed Amaemon
 13138 | Lair:2   | Found a staircase to the Swamp.
 13158 | Lair:2   | 13158 ||| INVOKING Heroism.
 13563 | Lair:2   | Reached skill level 3 in Throwing
 13699 | Lair:2   | 13699 ||| UPGRADING to +4 ring of protection.
 13767 | Lair:3   | 13767 ||| Stepping ~*~*~tactically~*~*~ (stealth).
 13854 | Lair:3   | Found a runed translucent door.
 13908 | Lair:3   | Noticed Snorg
 13909 | Lair:3   | 13909 ||| INVOKING Heroism.
 13921 | Lair:3   | Killed Snorg
 13977 | Lair:3   | 13977 ||| Stepping ~*~*~tactically~*~*~ (stealth).
 13983 | Lair:3   | 13983 ||| INVOKING Heroism.
 14041 | Lair:3   | 14041 ||| Stepping ~*~*~tactically~*~*~ (stealth).
 14109 | Lair:3   | 14109 ||| Stepping ~*~*~tactically~*~*~ (hiding).
 14116 | Lair:3   | 14116 ||| INVOKING Heroism.
 14294 | Lair:3   | Found a hole to the Spider Nest.
 14297 | Lair:3   | 14297 ||| Stepping ~*~*~tactically~*~*~ (stealth).
 14527 | Lair:3   | Found a runed translucent door.
 14528 | Lair:3   | Noticed qw's ghost (journeyman GrFi)
 14581 | Lair:3   | Reached skill level 13 in Axes
 14991 | Lair:3   | 14991 ||| DRINKING 2 grey potions.
 15169 | Lair:4   | 15169 ||| INVOKING Heroism.
 15170 | Lair:4   | 15170 ||| INVOKING Finesse.
 15172 | Lair:4   | 15172 ||| SWAPPING to +1 war axe of flaming.
 15177 | Lair:4   | 15177 ||| SWAPPING to +2 heavy broad axe.
 15219 | Lair:4   | 15219 ||| Stepping ~*~*~tactically~*~*~ (stealth).
 15221 | Lair:4   | 15221 ||| Stepping ~*~*~tactically~*~*~ (hiding).
 15231 | Lair:4   | You fall into a shaft and drop 1 floor!
 15231 | Lair:5   | Entered Level 5 of the Lair of Beasts
 15233 | Lair:5   | 15233 ||| INVOKING Heroism.
 15234 | Lair:5   | 15234 ||| INVOKING Finesse.
 15245 | Lair:5   | Received a gift from Okawaru
 15316 | Lair:5   | 15316 ||| Stepping ~*~*~tactically~*~*~ (stealth).
 15317 | Lair:5   | 15317 ||| Stepping ~*~*~tactically~*~*~ (stealth).
 15318 | Lair:5   | 15318 ||| Stepping ~*~*~tactically~*~*~ (stealth).
 15334 | Lair:5   | Reached skill level 14 in Axes
 15811 | Lair:4   | 15811 ||| INVOKING Heroism.
 15812 | Lair:4   | 15812 ||| INVOKING Finesse.
 15815 | Lair:4   | 15815 ||| SWAPPING to +1 war axe of flaming.
 15822 | Lair:4   | Received a gift from Okawaru
 15823 | Lair:4   | Gained mutation: Your large and strong wings let you fly.
                  | [Gargoyle growth]
 15823 | Lair:4   | Reached XP level 14. HP: 78/88 MP: 14/21
 15823 | Lair:4   | 15823 ||| SWAPPING to +2 heavy broad axe.
 16200 | Lair:4   | 16200 ||| DROPPING +6 ring of intelligence.
 16272 | Lair:5   | 16272 ||| INVOKING Heroism.
 16273 | Lair:5   | 16273 ||| SWAPPING to +1 war axe of flaming.
 16284 | Lair:5   | 16284 ||| SWAPPING to +2 heavy broad axe.
 16505 | Lair:5   | 16505 ||| INVOKING Heroism.
 16506 | Lair:5   | 16506 ||| INVOKING Finesse.
 16511 | Lair:5   | 16511 ||| SWAPPING to +1 war axe of flaming.
 16517 | Lair:5   | 16517 ||| SWAPPING to +2 heavy broad axe.
 16565 | Lair:5   | Found a staircase to the Slime Pits.
 16566 | Lair:5   | Found a viscous altar of Jiyva.
 16865 | Lair:5   | 16865 ||| Stepping ~*~*~tactically~*~*~ (hiding).
 16867 | Lair:5   | 16867 ||| Stepping ~*~*~tactically~*~*~ (stealth).
 16868 | Lair:5   | 16868 ||| Stepping ~*~*~tactically~*~*~ (stealth).
 16877 | Lair:5   | 16877 ||| INVOKING Heroism.
 16918 | Lair:5   | 16918 ||| FLEEEEING.
 16919 | Lair:5   | 16919 ||| FLEEEEING.
 16920 | Lair:5   | 16920 ||| FLEEEEING.
 16921 | Lair:5   | 16921 ||| FLEEEEING.
 16922 | Lair:5   | 16922 ||| FLEEEEING.
 16923 | Lair:5   | 16923 ||| FLEEEEING.
 16924 | Lair:5   | 16924 ||| FLEEEEING.
 16925 | Lair:5   | 16925 ||| FLEEEEING.
 16926 | Lair:5   | 16926 ||| FLEEEEING.
 16927 | Lair:5   | 16927 ||| FLEEEEING.
 16928 | Lair:5   | 16928 ||| FLEEEEING.
 16929 | Lair:5   | 16929 ||| FLEEEEING.
 16930 | Lair:5   | 16930 ||| FLEEEEING.
 16931 | Lair:5   | 16931 ||| FLEEEEING.
 17089 | Lair:5   | 17089 ||| INVOKING Heroism.
 17193 | Lair:5   | 17193 ||| Stepping ~*~*~tactically~*~*~ (stealth).
 17195 | Lair:5   | 17195 ||| INVOKING Heroism.
 17201 | Lair:5   | Received a gift from Okawaru
 17259 | Lair:5   | Noticed a dire elephant
 17260 | Lair:5   | 17260 ||| INVOKING Heroism.
 17262 | Lair:5   | 17262 ||| Stepping ~*~*~tactically~*~*~ (hiding).
 17268 | Lair:5   | Killed a dire elephant
 17269 | Lair:5   | Reached skill level 12 in Shields
 17273 | Lair:5   | HP: 19/90 [barbs]
 17274 | Lair:5   | 17274 ||| READING 2 scrolls of teleportation.
 17275 | Lair:5   | 17275 ||| DRINKING 3 potions of heal wounds.
 17277 | Lair:5   | Identified the +1 cloak of the Mackerel {Rampage *Slow rC+
                  | Str+3} (Okawaru gifted it to you on level 5 of the Lair of
                  | Beasts)
 17277 | Lair:5   | Received a gift from Okawaru
 17540 | Lair:5   | 17540 ||| READING scroll of enchant weapon.
 17540 | Lair:5   | 17540 ||| ENCHANTING +2 heavy broad axe.
 17543 | Lair:5   | 17543 ||| UPGRADING to +1 cloak of the Mackerel {Rampage
                  | *Slow rC+ Str+3}.
 17553 | Lair:5   | 17553 ||| PLANNING D
 17553 | Lair:5   | 17553 ||| DROPPING +1 cloak.
 17841 | D:12     | Found a runed translucent door.
 17841 | D:12     | Noticed Anyutwal's ghost (journeyman HOFi)
 17842 | D:12     | 17842 ||| Stepping ~*~*~tactically~*~*~ (stealth).
 17843 | D:12     | 17843 ||| Stepping ~*~*~tactically~*~*~ (stealth).
 18201 | D:12     | Noticed Nessos
 18202 | D:12     | 18202 ||| INVOKING Finesse.
 18205 | D:12     | 18205 ||| INVOKING Heroism.
 18209 | D:12     | 18209 ||| Stepping ~*~*~tactically~*~*~ (hiding).
 18217 | D:12     | Killed Nessos
 18334 | D:12     | 18334 ||| Stepping ~*~*~tactically~*~*~ (stealth).
 18382 | D:12     | 18382 ||| Stepping ~*~*~tactically~*~*~ (hiding).
 18383 | D:12     | 18383 ||| Stepping ~*~*~tactically~*~*~ (hiding).
 18384 | D:12     | 18384 ||| Stepping ~*~*~tactically~*~*~ (hiding).
 18416 | D:12     | 18416 ||| Stepping ~*~*~tactically~*~*~ (stealth).
 19212 | D:12     | 19212 ||| Stepping randomly (stuck).
 19224 | D:13     | 19224 ||| Stepping ~*~*~tactically~*~*~ (hiding).
 19225 | D:13     | 19225 ||| Stepping ~*~*~tactically~*~*~ (hiding).
 19226 | D:13     | 19226 ||| INVOKING Heroism.
 19297 | D:13     | 19297 ||| INVOKING Heroism.
 19309 | D:13     | Slain by a very large slime creature

Levels and vault maps discovered:
D:1:      dpeg_arrival_solitude, layout_basic, dreamdust_ecumenical_altar_grove,
          minmay_rat_gold_closets
D:2:      layout_rooms, minmay_misc_feat_chi, columned_hall_lemuel, uniq_robin,
          uniq_sigmund
D:3:      layout_basic, grunt_temple_overflow_open, minmay_stone_trees_small,
          uniq_terence, uniq_crazy_yiuf_cottage, uniq_grinder, uniq_jessica,
          uniq_ijyb
D:4:      layout_cave_pools, nicolae_ru_awakened_eye, uniq_duvessa
D:5:      layout_layer_cave, serial_shops, shop
D:6:      layout_basic, nicolae_dithmenos_shadow_blocks,
          amethyst_overflow_temple_binary, temple_green, serial_shops, shop,
          nicolae_shop_real_fake_doors, uniq_prince_ribbit1
D:7:      layout_basic
D:8:      minmay_the_grid_octo_triangle [minmay_the_grid_octo_shrine,
          minmay_the_grid_octo_prize_star, minmay_the_grid_octo_pinwheel],
          layout_rooms, uniq_pikel
D:9:      layout_roguey [special_room_orc], mainiacjoe_overflow_cross_hatched,
          orc_0_dummy
D:10:     layout_loops_corners, trog_wizard, minmay_shop_damaged,
          dilly_guarded_unrand_elemental_staff
D:11:     minmay_diamond_stairs, layout_rooms, david_lair_generic
D:12:     layout_gridville, gammafunk_ghost_grave,
          hangedman_abyss_or_decor_lesser_grid, uniq_nessos
D:13:     layout_basic, serial_shops, nicolae_square_shop, uniq_kirke,
          uniq_maurice, uniq_urug
Temple:   nicolae_temple_bog_church
Lair:1:   layout_concentric_octagons, chequers_serial_rivers_room_a,
          nicolae_quartered_pool_medium, dpeg_stationary_puzzle
Lair:2:   layout_hall_layers, swamp_mist, uniq_sonja, uniq_amaemon
Lair:3:   layout_roguey, nicolae_spider_entry_tight_spaces,
          ebering_ghost_reflecting_pool, enter_volcano_2, pf_torpor_hydra,
          uniq_snorg
Lair:4:   layout_regular_city
Lair:5:   hangedman_lair_in_review, layout_big_grid, slime_entry_1

Skill      XL: |  1  2  3  4  5  6  7  8  9 10 11 12 13 14 |
---------------+-------------------------------------------+-----
Axes           | 2 3 5 6 7 9 11 12 14 | 14.7
Fighting       | 4 5 6 7 8 9 10 11 | 11.1
Dodging        | 1 2 3 |  3.2
Throwing       | 1 2 4 |  4.0
Armour         | 4 5 6 8 9 10 | 10.0
Invocations    | 4 7 10 | 10.0
Shields        | 4 5 6 9 11 12 | 12.1

Action                     |  1- 3 |  4- 6 |  7- 9 | 10-12 | 13-15 || total
---------------------------+-------+-------+-------+-------+-------++-------
  Melee: War axe           |   102 |    79 |   272 |   110 |    23 ||   586
         Broad axe         |       |       |       |   341 |   357 ||   698
  Throw: Boomerang         |       |       |    25 |    17 |    88 ||   130
         Javelin           |       |       |       |    18 |    68 ||    86
 Invoke: Heroism           |       |       |     7 |    23 |    20 ||    50
         Finesse           |       |       |       |     1 |     6 ||     7
    Use: Scroll            |     3 |     5 |    14 |     9 |     2 ||    33
         Potion            |       |     1 |     1 |     2 |     2 ||     6
   Stab: Held in net/web   |       |       |     1 |       |       ||     1
         Petrified         |       |       |       |       |     6 ||     6
         Petrifying        |       |       |       |       |     1 ||     1
 Armour: Scale mail        |    54 |    36 |     5 |       |       ||    95
         Chain mail        |       |       |   116 |    28 |       ||   144
         Plate armour      |       |       |       |   254 |   199 ||   453
  Dodge: Dodged            |    51 |    29 |    77 |   194 |   108 ||   459
  Block: Buckler           |    19 |    10 |    85 |   161 |       ||   275
         Reflection        |       |       |     1 |       |       ||     1
         Kite shield       |       |       |       |    62 |   307 ||   369

Table legend:
 A = Non-vault XP
 B = Vault XP
 C = Vault XP percentage of total XP
 D = Non-vault monster count
 E = Vault monster count
 F = Vault count percentage of total count
                 A         B        C        D         E       F
            +---------+---------+-------+---------+---------+-------
      Total |   51732 |   24647 |  32.3 |     381 |     113 |  22.9
            +---------+---------+-------+---------+---------+-------
        D:1 |      45 |       7 |  13.5 |      25 |       7 |  21.9
        D:2 |      43 |     277 |  86.6 |      22 |      14 |  38.9
        D:3 |      40 |     381 |  90.5 |      15 |       4 |  21.1
        D:4 |      69 |     222 |  76.3 |      12 |       2 |  14.3
        D:5 |     828 |       0 |   0.0 |      15 |       0 |   0.0
        D:6 |     428 |     277 |  39.3 |      17 |       1 |   5.6
        D:7 |    1736 |       0 |   0.0 |      46 |       0 |   0.0
        D:8 |    1018 |    4407 |  81.2 |      20 |      14 |  41.2
        D:9 |    2204 |     253 |  10.3 |      27 |      25 |  48.1
       D:10 |    4619 |    2429 |  34.5 |      24 |       7 |  22.6
       D:11 |    3694 |    2612 |  41.4 |      27 |       6 |  18.2
       D:12 |    3239 |     981 |  23.2 |      19 |       1 |   5.0
       D:13 |    2360 |       0 |   0.0 |       4 |       0 |   0.0
     Lair:1 |    3268 |     106 |   3.1 |      14 |       2 |  12.5
     Lair:2 |    8323 |    1944 |  18.9 |      35 |       3 |   7.9
     Lair:3 |    3130 |    2510 |  44.5 |      16 |       9 |  36.0
     Lair:4 |    4046 |       0 |   0.0 |      10 |       0 |   0.0
     Lair:5 |   12642 |    8241 |  39.5 |      33 |      18 |  35.3
            +---------+---------+-------+---------+---------+-------
